| TOP OF THE 1ST |
|
Tulsa Drillers batting - Pitching for San Jose Giants : RHP Sergio Silva
|
|
Pitching: RHP Sergio Silva
|
|
|
Batting: RHB Josh Crenwelge
|
0-0: Ball 1-0: Swinging Strike 1-1: Foul Ball, location: 2F 1-2: Ball 2-2: Ball 3-2: Ground out 6-3 (Groundball, 6, EV 98.8 MPH)
|
|
Batting: SHB Nate Kopchak
|
0-0: Ball 1-0: Called Strike 1-1: Foul Ball, location: 2F 1-2: Foul Ball, location: 2F 1-2: Ball 2-2: Foul Ball, location: 2F 2-2: Ball 3-2: Base on Balls
|
|
Batting: LHB Kevin Wiebe
|
0-0: Ball 1-0: Ball 2-0: Called Strike 2-1: Called Strike 2-2: Foul Ball, location: 2F 2-2: Ball 3-2: Ground out 4-3 (Groundball, 4, EV 106.9 MPH) Nate Kopchak to second
|
|
Batting: LHB Chris Buchan
|
0-0: Ball 1-0: Ball 2-0: Ball 3-0: Called Strike 3-1: Foul Ball, location: 2F 3-2: Base on Balls
|
|
Batting: SHB Justin Toth
|
0-0: Ball 1-0: Swinging Strike 1-1: Ball 2-1: Ball 3-1: Foul Ball, location: 2F 3-2: Base on Balls Nate Kopchak to third Chris Buchan to second
|
|
Batting: RHB Marcos Villalobos
|
0-0: Called Strike 0-1: Ball 1-1: Foul Ball, location: 2F 1-2: Strikes out swinging
|
| Top of the 1st over - 0 runs, 0 hits, 0 errors, 3 left on base; Tulsa 0 - San Jose 0 |
| BOTTOM OF THE 1ST |
|
San Jose Giants batting - Pitching for Tulsa Drillers : LHP Jonathan Daniels
|
|
Pitching: LHP Jonathan Daniels
|
|
|
Batting: RHB Coen Dirks
|
0-0: Ball 1-0: Swinging Strike 1-1: Foul Ball, location: 2F 1-2: Strikes out swinging
|
|
Batting: RHB Edwin Verdugo
|
0-0: Ball 1-0: Called Strike 1-1: Swinging Strike 1-2: Foul Ball, location: 2F 1-2: SINGLE (Groundball, 6MD, EV 94.4 MPH)
|
|
Batting: RHB Frank Pena
|
0-0: Ball 1-0: Ball 2-0: Fielders Choice at 2nd, 5-4 (Groundball, 56S, EV 85.0 MPH)
|
|
Batting: RHB Bob Schweiger
|
0-0: Ball 1-0: Called Strike 1-1: Ball 2-1: Ball Wild Pitch! Frank Pena to second 3-1: Swinging Strike 3-2: Ground out 5-3 (Groundball, 56, EV 96.2 MPH)
|
| Bottom of the 1st over - 0 runs, 1 hit, 0 errors, 1 left on base; Tulsa 0 - San Jose 0 |
| TOP OF THE 2ND |
|
Tulsa Drillers batting - Pitching for San Jose Giants : RHP Sergio Silva
|
|
Batting: RHB Daniel Samano
|
0-0: Ball 1-0: Foul Ball, location: 2F 1-1: Called Strike 1-2: Fly out, F8 (Flyball, 8LXD, EV 106.2 MPH)
|
|
Batting: LHB Chris Barrera
|
0-0: Ball 1-0: Foul Ball, location: 2F 1-1: Ball 2-1: Called Strike 2-2: Ball 3-2: Foul Ball, location: 2F 3-2: Foul Ball, location: 2F 3-2: Fly out, F8 (Flyball, 8RM, EV 88.1 MPH)
|
|
Batting: RHB Kyle Garrett
|
0-0: Ground out U3 (Groundball, 34, EV 81.2 MPH)
|
| Top of the 2nd over - 0 runs, 0 hits, 0 errors, 0 left on base; Tulsa 0 - San Jose 0 |
| BOTTOM OF THE 2ND |
|
San Jose Giants batting - Pitching for Tulsa Drillers : LHP Jonathan Daniels
|
|
Batting: LHB Mike Roberts
|
0-0: Ball 1-0: Ball 2-0: Swinging Strike 2-1: Foul Ball, location: 2F 2-2: Foul Ball, location: 2F 2-2: Foul Ball, location: 2F 2-2: Strikes out looking
|
|
Batting: RHB Ryan Bentz
|
0-0: Called Strike 0-1: Fly out, F8 (Flyball, 8RXD, EV 100.6 MPH)
|
|
Batting: LHB Oscar Tamayo
|
0-0: Swinging Strike 0-1: Foul Ball, location: 2F 0-2: Foul Ball, location: 2F 0-2: Strikes out swinging
|
| Bottom of the 2nd over - 0 runs, 0 hits, 0 errors, 0 left on base; Tulsa 0 - San Jose 0 |
| TOP OF THE 3RD |
|
Tulsa Drillers batting - Pitching for San Jose Giants : RHP Sergio Silva
|
|
Batting: RHB Josh Crenwelge
|
0-0: Ball 1-0: Foul Ball, location: 2F 1-1: Swinging Strike 1-2: Foul Ball, location: 2F 1-2: Fly out, F1 (Line Drive, P, EV 69.4 MPH)
|
|
Batting: SHB Nate Kopchak
|
0-0: Called Strike 0-1: Swinging Strike 0-2: Strikes out swinging
|
|
Batting: LHB Kevin Wiebe
|
0-0: Called Strike 0-1: Swinging Strike 0-2: Ball 1-2: Strikes out looking
|
| Top of the 3rd over - 0 runs, 0 hits, 0 errors, 0 left on base; Tulsa 0 - San Jose 0 |
| BOTTOM OF THE 3RD |
|
San Jose Giants batting - Pitching for Tulsa Drillers : LHP Jonathan Daniels
|
|
Batting: LHB Gil Caraveo
|
0-0: Called Strike 0-1: Ball 1-1: Foul Ball, location: 2F 1-2: Ball 2-2: Foul Ball, location: 2F 2-2: Fly out, F7 (Flyball, 7, EV 71.2 MPH)
|
|
Batting: RHB Teruhide Horiuchi
|
0-0: Fly out, F4 (Popup, 34S, EV 87.5 MPH)
|
|
Batting: RHB Coen Dirks
|
0-0: Called Strike 0-1: Ball 1-1: Called Strike 1-2: Foul Ball, location: 2F 1-2: Strikes out swinging
|
| Bottom of the 3rd over - 0 runs, 0 hits, 0 errors, 0 left on base; Tulsa 0 - San Jose 0 |
| TOP OF THE 4TH |
|
Tulsa Drillers batting - Pitching for San Jose Giants : RHP Sergio Silva
|
|
Batting: LHB Chris Buchan
|
0-0: Foul Ball, location: 2F 0-1: SINGLE (Groundball, 3D, EV 99.4 MPH)
|
|
Batting: SHB Justin Toth
|
0-0: Ball 1-0: Fly out, F9 (Line Drive, 9S, EV 95.6 MPH)
|
|
Batting: RHB Marcos Villalobos
|
0-0: Swinging Strike 0-1: Called Strike 0-2: Fly out, F8 (Flyball, 89D, EV 97.5 MPH)
|
|
Batting: RHB Daniel Samano
|
0-0: Ball 1-0: Called Strike 1-1: Ball 2-1: DOUBLE (Line Drive, 7LM, EV 96.2 MPH) Chris Buchan to third Runner from 3rd tries for Home, SAFE, throw by LF to home
|
|
Batting: LHB Chris Barrera
|
0-0: Foul Ball, location: 2F 0-1: Fly out, F8 (Line Drive, 89M, EV 100.0 MPH)
|
| Top of the 4th over - 1 run, 2 hits, 0 errors, 1 left on base; Tulsa 1 - San Jose 0 |
| BOTTOM OF THE 4TH |
|
San Jose Giants batting - Pitching for Tulsa Drillers : LHP Jonathan Daniels
|
|
Batting: RHB Edwin Verdugo
|
0-0: Called Strike 0-1: Fly out, F8 (Flyball, 89S, EV 81.2 MPH)
|
|
Batting: RHB Frank Pena
|
0-0: Called Strike 0-1: Ball 1-1: Foul Ball, location: 2F 1-2: Strikes out swinging
|
|
Batting: RHB Bob Schweiger
|
0-0: Fly out, F7 (Flyball, 7D, EV 103.8 MPH)
|
| Bottom of the 4th over - 0 runs, 0 hits, 0 errors, 0 left on base; Tulsa 1 - San Jose 0 |
| TOP OF THE 5TH |
|
Tulsa Drillers batting - Pitching for San Jose Giants : RHP Sergio Silva
|
|
Batting: RHB Kyle Garrett
|
0-0: Ball 1-0: Fly out, F8 (Flyball, 8RXD, EV 87.5 MPH)
|
|
Pitching: RHP Brian Yinger
|
|
|
Batting: RHB Josh Crenwelge
|
0-0: Foul Ball, location: 2F 0-1: Called Strike 0-2: Foul Ball, location: 2F 0-2: Ball 1-2: Ball 2-2: Strikes out swinging
|
|
Batting: SHB Nate Kopchak
|
0-0: Ball 1-0: Ball 2-0: Foul Ball, location: 2F 2-1: SINGLE (Groundball, 15S, EV 71.2 MPH) (infield hit)
|
|
Batting: LHB Kevin Wiebe
|
0-0: Called Strike 0-1: 2-RUN HOME RUN (Flyball, 9D, EV 100.0 MPH), Distance : 375 ft
|
|
Batting: LHB Chris Buchan
|
0-0: Ball 1-0: SINGLE (Line Drive, 34D, EV 95.6 MPH)
|
|
Batting: SHB Justin Toth
|
0-0: Ball 1-0: Ball 2-0: Ball 3-0: Base on Balls Chris Buchan to second
|
|
Batting: RHB Marcos Villalobos
|
0-0: Ball 1-0: 3-RUN HOME RUN (Flyball, 89XD, EV 101.9 MPH), Distance : 413 ft
|
|
Pitching: RHP Peter Ellis
|
|
|
Batting: RHB Daniel Samano
|
0-0: Called Strike 0-1: SINGLE (Groundball, 4MD, EV 103.8 MPH)
|
|
Batting: LHB Chris Barrera
|
0-0: Ball 1-0: Ball 2-0: Called Strike 2-1: Ball 3-1: Foul Ball, location: 2F 3-2: Base on Balls Daniel Samano to second
|
|
Batting: RHB Kyle Garrett
|
0-0: Ball 1-0: SINGLE (Groundball, 6MS, EV 68.1 MPH) (infield hit) Daniel Samano to third Chris Barrera to second
|
|
Batting: RHB Josh Crenwelge
|
0-0: Called Strike 0-1: Fielders Choice at 2nd, 6-4 (Groundball, 6, EV 83.1 MPH)
|
| Top of the 5th over - 5 runs, 6 hits, 0 errors, 3 left on base; Tulsa 6 - San Jose 0 |
| BOTTOM OF THE 5TH |
|
San Jose Giants batting - Pitching for Tulsa Drillers : LHP Jonathan Daniels
|
|
Batting: LHB Mike Roberts
|
0-0: Ball 1-0: Ground out 4-3 (Groundball, 4M, EV 79.4 MPH)
|
|
Batting: RHB Ryan Bentz
|
0-0: Fly out, F6 (Popup, 6MS, EV 84.4 MPH)
|
|
Batting: LHB Oscar Tamayo
|
0-0: Called Strike 0-1: Ball 1-1: Swinging Strike 1-2: Foul Ball, location: 2F 1-2: Strikes out looking
|
| Bottom of the 5th over - 0 runs, 0 hits, 0 errors, 0 left on base; Tulsa 6 - San Jose 0 |
| TOP OF THE 6TH |
|
Tulsa Drillers batting - Pitching for San Jose Giants : RHP Peter Ellis
|
|
Batting: SHB Nate Kopchak
|
0-0: Ball 1-0: Foul Ball, location: 2F 1-1: Ball 2-1: Foul Ball, location: 2F 2-2: Foul Ball, location: 2F 2-2: Ground out 5-3 (Groundball, 56S, EV 85.6 MPH)
|
|
Batting: LHB Kevin Wiebe
|
0-0: Ball 1-0: Called Strike 1-1: TRIPLE (Flyball, 89XD, EV 94.4 MPH)
|
|
Pitching: RHP Ricky Fo
|
|
|
Batting: LHB Chris Buchan
|
0-0: Ground out 4-3 (Groundball, 4, EV 106.2 MPH) Kevin Wiebe scores
|
|
Batting: SHB Justin Toth
|
0-0: Ball 1-0: Swinging Strike 1-1: Ball 2-1: Foul Ball, location: 2F 2-2: Fly out, F7 (Flyball, 7D, EV 81.9 MPH)
|
| Top of the 6th over - 1 run, 1 hit, 0 errors, 0 left on base; Tulsa 7 - San Jose 0 |
| BOTTOM OF THE 6TH |
|
San Jose Giants batting - Pitching for Tulsa Drillers : LHP Jonathan Daniels
|
|
Batting: LHB Gil Caraveo
|
0-0: SINGLE (Groundball, 34S, EV 78.8 MPH) (infield hit)
|
|
Batting: RHB Teruhide Horiuchi
|
0-0: Called Strike Gil Caraveo steals 2nd base 0-1: Ground out 6-3 (Groundball, 6, EV 100.0 MPH)
|
|
Batting: RHB Coen Dirks
|
0-0: SINGLE (Flyball, 8RS, EV 92.5 MPH) Gil Caraveo to third Runner from 3rd tries for Home, SAFE, throw by CF to home
|
|
Batting: RHB Edwin Verdugo
|
0-0: SINGLE (Groundball, 6D, EV 99.4 MPH) Coen Dirks to second
|
|
Batting: RHB Frank Pena
|
0-0: Ball Coen Dirks steals 3rd base Edwin Verdugo to second 1-0: Called Strike 1-1: Ground out 6-3 (Groundball, 56, EV 78.1 MPH) Coen Dirks scores
|
|
Batting: RHB Bob Schweiger
|
0-0: Fly out, F9 (Flyball, 9D, EV 91.2 MPH)
|
| Bottom of the 6th over - 2 runs, 3 hits, 0 errors, 1 left on base; Tulsa 7 - San Jose 2 |
| TOP OF THE 7TH |
|
Tulsa Drillers batting - Pitching for San Jose Giants : RHP Ricky Fo
|
|
Batting: RHB Marcos Villalobos
|
0-0: Reached on error, E6 (Groundball, 6, EV 85.0 MPH)
|
|
Batting: RHB Daniel Samano
|
0-0: Foul Ball, location: 2F 0-1: Ball Marcos Villalobos steals 2nd base 1-1: Ball 2-1: SINGLE (Groundball, 6MD, EV 104.4 MPH) Marcos Villalobos to third
|
|
Batting: LHB Chris Barrera
|
0-0: Ball 1-0: Foul Ball, location: 2F 1-1: SINGLE (Groundball, 34D, EV 98.8 MPH) Marcos Villalobos scores Daniel Samano to second Runner from 2nd tries for 3rd, SAFE, no throw by RF
|
|
Batting: RHB Kyle Garrett
|
0-0: Called Strike 0-1: Foul Ball, location: 2F 0-2: Strikes out swinging
|
|
Batting: RHB Josh Crenwelge
|
0-0: Ball Wild Pitch! Daniel Samano scores Chris Barrera to second Balk! Chris Barrera to third 1-0: Swinging Strike 1-1: Ball 2-1: Called Strike 2-2: Fly out, F5 (Popup, 56S, EV 90.6 MPH)
|
|
Batting: SHB Nate Kopchak
|
0-0: Called Strike 0-1: Swinging Strike 0-2: DOUBLE (Line Drive, 78D, EV 103.1 MPH) Chris Barrera scores
|
|
Batting: LHB Kevin Wiebe
|
0-0: Called Strike 0-1: Swinging Strike 0-2: Ball 1-2: Ball 2-2: Strikes out swinging
|
| Top of the 7th over - 3 runs, 3 hits, 1 error, 1 left on base; Tulsa 10 - San Jose 2 |
| BOTTOM OF THE 7TH |
|
San Jose Giants batting - Pitching for Tulsa Drillers : LHP Jonathan Daniels
|
|
Batting: LHB Mike Roberts
|
0-0: Fly out, F7 (Flyball, 7LD, EV 101.9 MPH)
|
|
Batting: RHB Ryan Bentz
|
0-0: Ball 1-0: Ball 2-0: Ball 3-0: Base on Balls
|
|
Batting: LHB Oscar Tamayo
|
0-0: Called Strike Ryan Bentz steals 2nd base (no throw) 0-1: SINGLE (Groundball, 34D, EV 109.4 MPH) Ryan Bentz to third Runner from 3rd tries for Home, SAFE, throw by RF to home
|
|
Batting: LHB Gil Caraveo
|
0-0: Ball 1-0: Called Strike 1-1: SINGLE (Line Drive, 8LS, EV 92.5 MPH) Oscar Tamayo to second
|
|
Batting: RHB Teruhide Horiuchi
|
0-0: Foul Ball, location: 2F 0-1: Ball 1-1: Called Strike 1-2: Ball 2-2: Fielders Choice at 2nd, 3-6 (Groundball, 13, EV 86.2 MPH) Oscar Tamayo to third
|
|
Pitching: RHP Carlos Llamas
|
|
|
Batting: RHB Coen Dirks
|
0-0: Ball 1-0: SINGLE (Groundball, 15S, EV 71.2 MPH) (infield hit) Oscar Tamayo scores Teruhide Horiuchi to second
|
|
Batting: RHB Edwin Verdugo
|
0-0: Ball 1-0: Ball 2-0: Fielders Choice at 2nd, 6-4 (Groundball, 6, EV 84.4 MPH)
|
| Bottom of the 7th over - 2 runs, 3 hits, 0 errors, 2 left on base; Tulsa 10 - San Jose 4 |
| TOP OF THE 8TH |
|
Tulsa Drillers batting - Pitching for San Jose Giants : RHP Ricky Fo
|
|
Pitching: LHP Jimmy Heinecke
|
|
|
Batting: LHB Chris Buchan
|
0-0: Ball 1-0: SINGLE (Line Drive, 56D, EV 108.1 MPH)
|
|
Batting: SHB Justin Toth
|
0-0: Ball 1-0: Ball 2-0: Foul Ball, location: 2F 2-1: Called Strike 2-2: Foul Ball, location: 2F 2-2: Ball 3-2: Strikes out swinging
|
|
Batting: RHB Marcos Villalobos
|
0-0: Ball 1-0: Ball 2-0: Grounds into double play, 4-6-3 (Groundball, 4M, EV 79.4 MPH)
|
| Top of the 8th over - 0 runs, 1 hit, 0 errors, 0 left on base; Tulsa 10 - San Jose 4 |
| BOTTOM OF THE 8TH |
|
San Jose Giants batting - Pitching for Tulsa Drillers : RHP Carlos Llamas
|
|
Batting: RHB Frank Pena
|
0-0: Ball 1-0: Called Strike 1-1: Fly out, F7 (Line Drive, 7S, EV 100.0 MPH)
|
|
Batting: RHB Bob Schweiger
|
0-0: Foul Ball, location: 2F 0-1: Ball 1-1: Called Strike 1-2: Strikes out swinging
|
|
Batting: LHB Mike Roberts
|
0-0: Called Strike 0-1: Foul Ball, location: 2F 0-2: Ball 1-2: DOUBLE (Line Drive, 89D, EV 106.9 MPH) - OUT at third base trying to stretch hit.
|
| Bottom of the 8th over - 0 runs, 1 hit, 0 errors, 0 left on base; Tulsa 10 - San Jose 4 |
| TOP OF THE 9TH |
|
Tulsa Drillers batting - Pitching for San Jose Giants : LHP Jimmy Heinecke
|
|
Batting: RHB Daniel Samano
|
0-0: Swinging Strike 0-1: Ball 1-1: Swinging Strike 1-2: Ball 2-2: Ground out 5-3 (Groundball, 5, EV 108.1 MPH)
|
|
Batting: LHB Chris Barrera
|
0-0: Ball 1-0: Ball 2-0: Fly out, F8 (Flyball, 8RD, EV 91.9 MPH)
|
|
Batting: RHB Kyle Garrett
|
0-0: Ball 1-0: SINGLE (Groundball, 56D, EV 100.0 MPH)
|
|
Batting: RHB Josh Crenwelge
|
0-0: Ball 1-0: Foul Ball, location: 2F 1-1: Ball 2-1: Ground out 4-3 (Groundball, 34S, EV 86.2 MPH)
|
| Top of the 9th over - 0 runs, 1 hit, 0 errors, 1 left on base; Tulsa 10 - San Jose 4 |
| BOTTOM OF THE 9TH |
|
San Jose Giants batting - Pitching for Tulsa Drillers : RHP Carlos Llamas
|
|
Batting: RHB Ryan Bentz
|
0-0: Ball 1-0: Called Strike 1-1: Foul Ball, location: 2F 1-2: Ground out 6-3 (Groundball, 6S, EV 90.0 MPH)
|
|
Batting: LHB Oscar Tamayo
|
0-0: Ball 1-0: Foul Ball, location: 2F 1-1: Ball 2-1: Ball 3-1: Fly out, F8 (Flyball, 8LM, EV 92.5 MPH)
|
|
Batting: LHB Gil Caraveo
|
0-0: Called Strike 0-1: Ball 1-1: Called Strike 1-2: Foul Ball, location: 2F 1-2: Strikes out swinging
|
| Bottom of the 9th over - 0 runs, 0 hits, 0 errors, 0 left on base; Tulsa 10 - San Jose 4 |
|